XFBL
SAN FRANCISCO GIANTS @ ST. LOUIS CARDINALS
06/02/1982
 
TOP OF THE 1ST
San Francisco Giants batting - Pitching for St. Louis Cardinals : LHP Steve Carlton
Pitching: LHP Steve Carlton
Batting: LHB Kevin Christensen 0-0: Ground out 4-3 (Groundball, 4, EV 84.4 MPH)
Batting: LHB Ken Griffey Sr 0-0: Ball
1-0: Swinging Strike
1-1: Ground out 5-3 (Groundball, 5L, EV 103.8 MPH)
Batting: LHB Keith Hernandez 0-0: Called Strike
0-1: Ball
1-1: Swinging Strike
1-2: Ball
2-2: Strikes out swinging
Top of the 1st over - 0 runs, 0 hits, 0 errors, 0 left on base; San Francisco 0 - St. Louis 0
BOTTOM OF THE 1ST
St. Louis Cardinals batting - Pitching for San Francisco Giants : RHP Tom Owens
Pitching: RHP Tom Owens
Batting: SHB Otis Nixon 0-0: Ball
1-0: Ball
2-0: Foul Ball, location: 2F
2-1: SINGLE (Groundball, 56D, EV 103.8 MPH)
Batting: LHB Jim Gantner 0-0: Ball
1-0: SINGLE (Groundball, 34D, EV 105.6 MPH)
Otis Nixon to second
Runner from 2nd tries for 3rd, SAFE, throw by RF made to third
Batting: RHB Sixto Lezcano 0-0: Ball
1-0: Ball
2-0: Swinging Strike
2-1: SINGLE (Flyball, 8RS, EV 95.0 MPH)
Otis Nixon scores
Jim Gantner to second
Runner from 2nd tries for 3rd, SAFE, no throw by CF
Batting: LHB Pat Putnam 0-0: Ball
1-0: Called Strike
1-1: Ball
2-1: Fielders Choice at 2nd, 3-6 (Groundball, 3, EV 85.0 MPH)
Jim Gantner scores
Batting: RHB Bob Watson 0-0: Fly out, F5 (Line Drive, 5, EV 71.9 MPH)
Batting: LHB Mike Davis 0-0: Called Strike
0-1: Foul Ball, location: 2F
0-2: Ball
1-2: Foul Ball, location: 2F
1-2: Ball
2-2: Strikes out looking
Bottom of the 1st over - 2 runs, 3 hits, 0 errors, 1 left on base; San Francisco 0 - St. Louis 2
TOP OF THE 2ND
San Francisco Giants batting - Pitching for St. Louis Cardinals : LHP Steve Carlton
Batting: RHB Phil Bailey 0-0: Ball
1-0: SINGLE (Groundball, 6MD, EV 95.0 MPH)
Batting: RHB Don Slaught 0-0: Fly out, F8 (Flyball, 8RD, EV 102.5 MPH)
Batting: RHB Kevin Howard 0-0: Called Strike
0-1: Ball
1-1: Foul Ball, location: 2F
1-2: Foul Ball, location: 2F
1-2: Strikes out swinging
Batting: SHB Tyler O'Dell 0-0: Ball
1-0: Called Strike
1-1: Ball
2-1: Fielders Choice at 2nd, 6-4 (Groundball, 6, EV 104.4 MPH)
Top of the 2nd over - 0 runs, 1 hit, 0 errors, 1 left on base; San Francisco 0 - St. Louis 2
BOTTOM OF THE 2ND
St. Louis Cardinals batting - Pitching for San Francisco Giants : RHP Tom Owens
Batting: RHB Joe Torre 0-0: Foul Ball, location: 2F
0-1: Called Strike
0-2: SINGLE (Line Drive, 8LS, EV 92.5 MPH)
Batting: SHB Billy E Smith 0-0: SINGLE (Groundball, 4MD, EV 101.3 MPH)
Joe Torre to second
Runner from 2nd tries for 3rd, SAFE, throw by CF made to third
Batting: LHB Steve Carlton 0-0: Ball
Billy E Smith steals 2nd base (no throw)
1-0: Ball
2-0: Swinging Strike
2-1: Foul Ball, location: 2F
2-2: Strikes out swinging
Batting: SHB Otis Nixon 0-0: SINGLE (Line Drive, 7LS, EV 99.4 MPH)
Joe Torre scores
Billy E Smith to third
Runner from 3rd tries for Home, SAFE, throw by LF to home
Batting: LHB Jim Gantner 0-0: Ball
Wild Pitch!
Otis Nixon to second
1-0: Ball
2-0: Foul Ball, location: 2F
2-1: Called Strike
2-2: SINGLE (Groundball, 4D, EV 101.9 MPH)
Otis Nixon to third
Runner from 3rd tries for Home, SAFE, throw by CF to home
Batting: RHB Sixto Lezcano Pickoff Throw to First - Error! E1
Jim Gantner to second
0-0: Ground out 6-3 (Groundball, 6MS, EV 86.9 MPH)
Jim Gantner to third
Batting: LHB Pat Putnam 0-0: SINGLE (Groundball, 4D, EV 103.8 MPH)
Jim Gantner scores
Batting: RHB Bob Watson 0-0: Called Strike
0-1: Swinging Strike
0-2: Ball
Wild Pitch!
Pat Putnam to second
1-2: 2-RUN HOME RUN (Line Drive, 78XD, EV 101.3 MPH), Distance : 436 ft
Pitching: RHP Wayne Twitchell
Batting: LHB Mike Davis 0-0: Called Strike
0-1: Ball
1-1: Swinging Strike
1-2: SINGLE (Groundball, 4S, EV 66.3 MPH) (infield hit)
Batting: RHB Joe Torre 0-0: Called Strike
0-1: Ball
1-1: Fly out, F8 (Line Drive, 8RD, EV 90.0 MPH)
Bottom of the 2nd over - 6 runs, 7 hits, 1 error, 1 left on base; San Francisco 0 - St. Louis 8
TOP OF THE 3RD
San Francisco Giants batting - Pitching for St. Louis Cardinals : LHP Steve Carlton
Batting: RHB Dickie Thon 0-0: Foul Ball, location: 2F
0-1: SINGLE (Groundball, 15S, EV 66.3 MPH) (infield hit)
Batting: RHB Wayne Twitchell 0-0: Bunted foul
0-1: Ball
1-1: Sac Bunt to 13S - play at first, batter OUT! 1-4
Dickie Thon to second
Batting: LHB Kevin Christensen 0-0: Foul Ball, location: 2F
0-1: Fly out, F7 (Flyball, 7LS, EV 78.1 MPH)
Batting: LHB Ken Griffey Sr 0-0: Foul Ball, location: 2F
0-1: Ball
1-1: Ball
2-1: Called Strike
2-2: Foul Ball, location: 2F
2-2: Foul Ball, location: 2F
2-2: SINGLE (Line Drive, 9LM, EV 104.4 MPH)
Dickie Thon to third
Runner from 3rd tries for Home, SAFE, throw by RF to home
Batting: LHB Keith Hernandez 0-0: Called Strike
0-1: Fly out, F5 (Line Drive, 5, EV 67.5 MPH)
Top of the 3rd over - 1 run, 2 hits, 0 errors, 1 left on base; San Francisco 1 - St. Louis 8
BOTTOM OF THE 3RD
St. Louis Cardinals batting - Pitching for San Francisco Giants : RHP Wayne Twitchell
Batting: SHB Billy E Smith 0-0: Swinging Strike
0-1: Foul Ball, location: 2F
0-2: Foul Ball, location: 2F
0-2: Foul Ball, location: 2F
0-2: Ball
1-2: Ball
2-2: Ground out 2-3 (Groundball, 15S, EV 61.3 MPH)
Batting: LHB Steve Carlton 0-0: Ball
1-0: Ground out 5-3 (Groundball, 56, EV 108.1 MPH)
Batting: SHB Otis Nixon 0-0: Called Strike
0-1: Foul Ball, location: 2F
0-2: Ball
1-2: Ball
2-2: Foul Ball, location: 2F
2-2: SINGLE (Groundball, 4MD, EV 98.1 MPH)
Batting: LHB Jim Gantner 0-0: Called Strike
Otis Nixon is caught stealing 2nd base 2-6
Bottom of the 3rd over - 0 runs, 1 hit, 0 errors, 0 left on base; San Francisco 1 - St. Louis 8
TOP OF THE 4TH
San Francisco Giants batting - Pitching for St. Louis Cardinals : LHP Steve Carlton
Batting: RHB Phil Bailey 0-0: Called Strike
0-1: Ball
1-1: Swinging Strike
1-2: Ball
2-2: Ball
3-2: Base on Balls
Batting: RHB Don Slaught 0-0: Called Strike
0-1: Foul Ball, location: 2F
0-2: Ball
1-2: SINGLE (Line Drive, 4M, EV 98.8 MPH)
Phil Bailey to second
Batting: RHB Kevin Howard 0-0: Called Strike
0-1: Grounds into double play, 5-4-3 (Groundball, 56S, EV 94.4 MPH)
Phil Bailey to third
Batting: SHB Tyler O'Dell 0-0: Swinging Strike
0-1: Ball
1-1: Ball
2-1: Foul Ball, location: 2F
2-2: Foul Ball, location: 2F
2-2: Foul Ball, location: 2F
2-2: Foul Ball, location: 2F
2-2: Ball
3-2: Base on Balls
Batting: RHB Dickie Thon 0-0: Fly out, F4 (Popup, 34, EV 62.5 MPH)
Top of the 4th over - 0 runs, 1 hit, 0 errors, 2 left on base; San Francisco 1 - St. Louis 8
BOTTOM OF THE 4TH
St. Louis Cardinals batting - Pitching for San Francisco Giants : RHP Wayne Twitchell
Batting: LHB Jim Gantner 0-0: Called Strike
0-1: Ball
1-1: Ball
2-1: Fly out, F8 (Flyball, 78M, EV 86.3 MPH)
Batting: RHB Sixto Lezcano 0-0: Ball
1-0: Ball
2-0: Ball
3-0: Base on Balls
Batting: LHB Pat Putnam 0-0: Ball
Sixto Lezcano is caught stealing 2nd base 2-6
1-0: Ball
2-0: Ball
3-0: Called Strike
3-1: Base on Balls
Batting: RHB Bob Watson 0-0: Ball
1-0: Ball
2-0: Called Strike
2-1: Foul Ball, location: 2F
2-2: Ball
3-2: Foul Ball, location: 2F
3-2: Strikes out swinging, 2-3 out at first.
Bottom of the 4th over - 0 runs, 0 hits, 0 errors, 1 left on base; San Francisco 1 - St. Louis 8
TOP OF THE 5TH
San Francisco Giants batting - Pitching for St. Louis Cardinals : LHP Steve Carlton
Batting: RHB Wayne Twitchell 0-0: Ball
1-0: Ground out 6-3 (Groundball, 6, EV 83.8 MPH)
Batting: LHB Kevin Christensen 0-0: Foul Ball, location: 2F
0-1: Ground out U3 (Groundball, 3, EV 96.9 MPH)
Batting: LHB Ken Griffey Sr 0-0: Ball
1-0: Swinging Strike
1-1: Swinging Strike
1-2: SINGLE (Groundball, 4MS, EV 63.8 MPH) (infield hit)
Batting: LHB Keith Hernandez 0-0: Called Strike
Ken Griffey Sr is caught stealing 2nd base 2-6
Top of the 5th over - 0 runs, 1 hit, 0 errors, 0 left on base; San Francisco 1 - St. Louis 8
BOTTOM OF THE 5TH
St. Louis Cardinals batting - Pitching for San Francisco Giants : RHP Wayne Twitchell
Batting: LHB Mike Davis 0-0: Called Strike
0-1: Ball
1-1: Fly out, F8 (Flyball, 8LM, EV 89.4 MPH)
Batting: RHB Joe Torre 0-0: Called Strike
0-1: Called Strike
0-2: Fly out, F9 (Flyball, 9LS, EV 98.8 MPH)
Batting: SHB Billy E Smith 0-0: Foul Ball, location: 2F
0-1: Ball
1-1: DOUBLE (Line Drive, 9D, EV 92.5 MPH)
Batting: LHB Steve Carlton 0-0: Called Strike
0-1: Ball
1-1: Swinging Strike
1-2: Foul Ball, location: 2F
1-2: Strikes out swinging, 2-3 out at first.
Bottom of the 5th over - 0 runs, 1 hit, 0 errors, 1 left on base; San Francisco 1 - St. Louis 8
TOP OF THE 6TH
San Francisco Giants batting - Pitching for St. Louis Cardinals : LHP Steve Carlton
Batting: LHB Keith Hernandez 0-0: Foul Ball, location: 2F
0-1: Foul Ball, location: 2F
0-2: Ball
1-2: Ball
2-2: Foul Ball, location: 2F
2-2: SINGLE (Groundball, 4D, EV 96.9 MPH)
Batting: RHB Phil Bailey 0-0: Ball
1-0: Ball
2-0: Called Strike
2-1: Fly out, F4 (Popup, 34S, EV 79.4 MPH)
Batting: RHB Don Slaught 0-0: Foul Ball, location: 2F
0-1: Ball
1-1: Ball
2-1: Swinging Strike
2-2: Foul Ball, location: 2F
2-2: Ball
3-2: Strikes out swinging
Batting: RHB Kevin Howard 0-0: Fly out, F8 (Flyball, 78M, EV 80.6 MPH)
Top of the 6th over - 0 runs, 1 hit, 0 errors, 1 left on base; San Francisco 1 - St. Louis 8
BOTTOM OF THE 6TH
St. Louis Cardinals batting - Pitching for San Francisco Giants : RHP Wayne Twitchell
Batting: SHB Otis Nixon 0-0: Ball
1-0: Ball
2-0: Foul Ball, location: 2F
2-1: Swinging Strike
2-2: Ball
3-2: SINGLE (Line Drive, 8LS, EV 93.8 MPH)
Pitching: RHP Dave Frost
Batting: LHB Jim Gantner 0-0: Called Strike
0-1: Ball
Otis Nixon steals 2nd base (no throw)
1-1: Ball
2-1: Ball
3-1: Foul Ball, location: 2F
3-2: Foul Ball, location: 2F
3-2: Base on Balls
Batting: RHB Sixto Lezcano 0-0: Ball
1-0: Ball
2-0: Fly out, F7 (Flyball, 7LS, EV 86.9 MPH)
Batting: LHB Pat Putnam 0-0: Ball
1-0: Ball
2-0: Swinging Strike
2-1: Ball
3-1: Swinging Strike
3-2: Base on Balls
Otis Nixon to third
Jim Gantner to second
Batting: RHB Bob Watson 0-0: Called Strike
0-1: Ball
1-1: Foul Ball, location: 2F
1-2: Strikes out looking
Batting: LHB Mike Davis 0-0: Called Strike
0-1: Ball
1-1: Foul Ball, location: 2F
1-2: Ball
2-2: Reached on error, E6 (Groundball, 6MD, EV 80.0 MPH)
Otis Nixon scores
Jim Gantner to third
Pat Putnam to second
Batting: RHB Joe Torre 0-0: Called Strike
0-1: Ball
1-1: Foul Ball, location: 2F
1-2: Foul Ball, location: 2F
1-2: Fielders Choice at 2nd, 5-4 (Groundball, 56, EV 91.3 MPH)
Bottom of the 6th over - 1 run, 1 hit, 1 error, 3 left on base; San Francisco 1 - St. Louis 9
TOP OF THE 7TH
San Francisco Giants batting - Pitching for St. Louis Cardinals : LHP Steve Carlton
Batting: SHB Tyler O'Dell 0-0: Swinging Strike
0-1: Foul Ball, location: 2F
0-2: Foul Ball, location: 2F
0-2: Foul Ball, location: 2F
0-2: SINGLE (Line Drive, 9LS, EV 106.9 MPH)
Batting: RHB Dickie Thon 0-0: Ball
1-0: Swinging Strike
1-1: Swinging Strike
1-2: Ball
2-2: Foul Ball, location: 2F
2-2: Foul Ball, location: 2F
2-2: Fly out, F2 (Popup, 23F, EV 82.5 MPH)
Batting: RHB Dave Frost 0-0: Bunt - Flyout to P! F1
Batting: LHB Kevin Christensen 0-0: Ball
1-0: Called Strike
1-1: Ball
2-1: Called Strike
2-2: Ball
3-2: Base on Balls
Tyler O'Dell to second
Batting: LHB Ken Griffey Sr 0-0: Ball
1-0: Foul Ball, location: 2F
1-1: Called Strike
1-2: Hit by Pitch
Tyler O'Dell to third
Kevin Christensen to second
Batting: LHB Keith Hernandez 0-0: Called Strike
0-1: Called Strike
0-2: Ground out 4-3 (Groundball, 4, EV 81.9 MPH)
Top of the 7th over - 0 runs, 1 hit, 0 errors, 3 left on base; San Francisco 1 - St. Louis 9
BOTTOM OF THE 7TH
St. Louis Cardinals batting - Pitching for San Francisco Giants : RHP Dave Frost
Batting: SHB Billy E Smith 0-0: Called Strike
0-1: Ball
1-1: Foul Ball, location: 2F
1-2: Strikes out swinging
Batting: LHB Steve Carlton 0-0: Ball
1-0: Called Strike
1-1: Ball
2-1: Ball
3-1: Ground out 5-3 (Groundball, 56, EV 100.6 MPH)
Batting: SHB Otis Nixon 0-0: Called Strike
0-1: Called Strike
0-2: Strikes out swinging
Bottom of the 7th over - 0 runs, 0 hits, 0 errors, 0 left on base; San Francisco 1 - St. Louis 9
TOP OF THE 8TH
San Francisco Giants batting - Pitching for St. Louis Cardinals : LHP Steve Carlton
Batting: RHB Phil Bailey 0-0: Foul Ball, location: 2F
0-1: Ball
1-1: Ball
2-1: Foul Ball, location: 2F
2-2: Ball
3-2: Foul Ball, location: 2F
3-2: Foul Ball, location: 2F
3-2: SINGLE (Groundball, 4MD, EV 100.6 MPH)
Batting: RHB Don Slaught 0-0: Ball
1-0: Fly out, F9 (Flyball, 9D, EV 102.5 MPH)
Batting: RHB Kevin Howard 0-0: Ball
1-0: Foul Ball, location: 2F
1-1: Called Strike
1-2: Ball
2-2: Ball
3-2: Fly out, F7 (Flyball, 7LM, EV 87.5 MPH)
Pitching: RHP Larry Yount
Batting: SHB Tyler O'Dell 0-0: Called Strike
0-1: Foul Ball, location: 2F
0-2: Ball
1-2: Ball
2-2: Ball
3-2: Foul Ball, location: 2F
3-2: Foul Ball, location: 2F
3-2: Foul Ball, location: 2F
3-2: Fly out, F1 (Line Drive, P, EV 68.8 MPH)
Top of the 8th over - 0 runs, 1 hit, 0 errors, 1 left on base; San Francisco 1 - St. Louis 9
BOTTOM OF THE 8TH
St. Louis Cardinals batting - Pitching for San Francisco Giants : RHP Dave Frost
Batting: LHB Jim Gantner 0-0: Ball
1-0: Foul Ball, location: 2F
1-1: Ball
2-1: Ball
3-1: Foul Ball, location: 2F
3-2: Base on Balls
Batting: RHB Sixto Lezcano 0-0: Foul Ball, location: 2F
0-1: Foul Ball, location: 2F
0-2: Ball
1-2: Fielders Choice at 2nd, 6-4 (Groundball, 56, EV 80.0 MPH)
Batting: LHB Pat Putnam 0-0: Ball
1-0: Called Strike
1-1: SINGLE (Line Drive, 78M, EV 88.1 MPH)
Sixto Lezcano to second
Batting: RHB Bob Watson 0-0: Ball
1-0: Ball
2-0: Swinging Strike
2-1: Ball
3-1: Foul Ball, location: 2F
3-2: Strikes out looking
Batting: LHB Mike Davis 0-0: Called Strike
0-1: SINGLE (Line Drive, 5D, EV 99.4 MPH)
Sixto Lezcano to third
Pat Putnam to second
Runner from 3rd tries for Home, SAFE, throw by LF to home
Batting: RHB Joe Torre 0-0: Ball
1-0: Called Strike
1-1: SINGLE (Line Drive, 8RS, EV 95.6 MPH)
Pat Putnam to third
Mike Davis to second
Runner from 3rd tries for Home, SAFE, throw by CF to home
Batting: SHB Billy E Smith 0-0: Ball
1-0: Called Strike
1-1: Ball
2-1: Called Strike
2-2: Ball
3-2: Base on Balls
Mike Davis to third
Joe Torre to second
Batting: RHB Larry Yount 0-0: SINGLE (Groundball, 6MD, EV 93.8 MPH)
Mike Davis scores
Joe Torre to third
Billy E Smith to second
Runner from 3rd tries for Home, SAFE, throw by CF to home
Batting: SHB Otis Nixon 0-0: Called Strike
0-1: Ball
1-1: SINGLE (Groundball, 56S, EV 73.1 MPH) (infield hit)
Billy E Smith to third
Larry Yount to second
Batting: LHB Jim Gantner 0-0: Called Strike
0-1: SINGLE (Line Drive, 34D, EV 94.4 MPH)
Billy E Smith scores
Larry Yount to third
Otis Nixon to second
Runner from 3rd tries for Home, SAFE, throw by RF to home
Pitching: RHP Dave Ford
Batting: RHB Sixto Lezcano 0-0: Called Strike
0-1: Swinging Strike
0-2: Ball
1-2: Foul Ball, location: 2F
1-2: Fly out, F8 (Flyball, 8LS, EV 87.5 MPH)
Bottom of the 8th over - 6 runs, 6 hits, 0 errors, 2 left on base; San Francisco 1 - St. Louis 15
TOP OF THE 9TH
San Francisco Giants batting - Pitching for St. Louis Cardinals : RHP Larry Yount
Batting: RHB Dickie Thon 0-0: Called Strike
0-1: DOUBLE (Line Drive, 7LS, EV 106.9 MPH)
Pinch Hitting: SHB Larry Reynolds 0-0: Called Strike
0-1: Foul Ball, location: 2F
0-2: Fly out, F7 (Flyball, 7S, EV 93.1 MPH)
Batting: LHB Kevin Christensen 0-0: Foul Ball, location: 2F
0-1: Swinging Strike
0-2: Foul Ball, location: 2F
0-2: Foul Ball, location: 2F
0-2: Strikes out swinging
Batting: LHB Ken Griffey Sr 0-0: Ball
1-0: Called Strike
1-1: Swinging Strike
1-2: Ground out 4-3 (Groundball, 4, EV 106.9 MPH)
Top of the 9th over - 0 runs, 1 hit, 0 errors, 1 left on base; San Francisco 1 - St. Louis 15
Wednesday, August 5th, 2020 - OOTP Baseball 21.5 Build 76